 Dungeon Crawl Stone Soup version 0.17.1-1-g73c8601 (webtiles) character file.

133 Mysteryquy the Slasher (level 5, -1/42 HPs)
             Began as a Human Berserker on Jan 4, 2016.
             Was a Believer of Trog.
             Splashed by a jelly's acid (9 damage)
             ... on level 3 of the Dungeon.
             The game lasted 00:04:16 (1837 turns).

Mysteryquy the Slasher (Human Berserker)            Turns: 1837, Time: 00:04:16

Health: -1/42      AC:  4    Str: 18    XL:     5   Next: 39%
Magic:  5/5        EV:  8    Int:  7    God:    Trog [**....]
Gold:   49         SH:  0    Dex: 13    Spells: 0 memorised, 4 levels left

rFire  . . .     SeeInvis .     a - +0 falchion
rCold  . . .     Clarity  .     i - +0 chain mail (curse)
rNeg   + . .     SustAt   .     (no shield)
rPois  .         Gourm    .     t - +2 hat
rElec  .         Spirit   .     A - +0 cloak
rCorr  .         Warding  +     h - +0 pair of gloves
rMut   .         Stasis   .     (no boots)
MR     .....                    k - amulet of warding
Stlth  ..........               (no ring)
                                o - ring of loudness (curse)

@: corroded equipment, not resistant to hostile enchantments, extremely
unstealthy
A: no striking features
a: Berserk, Trog's Hand, Burn Spellbooks, Renounce Religion


You were on level 3 of the Dungeon.
You worshipped Trog.
Trog was pleased with you.
You were very hungry.

You visited 1 branch of the dungeon, and saw 3 of its levels.

You collected 49 gold pieces.

Inventory:

Hand Weapons
 a - a +0 falchion (weapon)
Armour
 b - a +0 animal skin
 h - a +0 pair of gloves (worn)
 i - a cursed +0 chain mail (worn)
 t - a +2 hat (worn)
 A - a +0 cloak (worn)
Jewellery
 k - an amulet of warding (around neck)
 o - a cursed ring of loudness (left hand)
 p - an uncursed ring of see invisible {unknown}
 y - a +2 ring of dexterity {unknown}
 z - an uncursed amulet of resist mutation {unknown}
Scrolls
 e - 3 scrolls of identify {unknown}
 f - 2 scrolls of remove curse {unknown}
 g - a scroll of recharging {unknown}
 j - 2 scrolls of magic mapping {unknown}
 l - a scroll of fear {unknown}
 r - 2 scrolls of immolation {unknown}
 v - a scroll of random uselessness {unknown}
Potions
 s - a potion of heal wounds {unknown}
 u - a potion of cancellation
 w - a potion of cure mutation {unknown}
 x - a potion of magic {unknown}
Comestibles
 c - 2 bread rations
 d - a beef jerky
 m - 3 fruits
 n - a meat ration


   Skills:
 - Level 4.2 Fighting
 + Level 4.8 Long Blades
 - Level 2.0 Armour
 - Level 2.0 Dodging


You had 4 spell levels left.
You didn't know any spells.

Dungeon Overview and Level Annotations

Branches:
Dungeon (3/15)

Altars:
Makhleb
Okawaru
Xom


Message History

You are too injured to fight recklessly!
You are too injured to fight recklessly!
Drink which item? (? for menu, Esc to quit)
Okay, then.
Drink which item? (? for menu, Esc to quit)
It was a potion of cancellation.
You feel magically purged. The jelly hits you but does no damage.
You hit the jelly but do no damage. The acid corrodes you!
Your hands burn!
* * * LOW HITPOINT WARNING * * *
The jelly is heavily wounded.
The jelly hits you but does no damage.
Found 10 poisoned needles.
Drink which item? (? for menu, Esc to quit)
It was a potion of curing.
You feel better. The jelly closely misses you.
You completely miss the jelly.
The jelly is heavily wounded.
The jelly hits you.
* * * LOW HITPOINT WARNING * * *
You are splashed with acid!
The acid burns!
You die...

#####
##...##
####.....##
#.........#
#......#
##<..#.#
##J## #@#
(......[#
#...#####
#.


You could see a jelly.

Vanquished Creatures
  Crazy Yiuf (D:2)
  A hound (D:2)
  4 gnolls
  A giant cockroach (D:1)
  6 hobgoblins
  7 jackals
  4 bats
  3 giant geckos
  A giant newt (D:2)
  5 goblins
  2 kobolds
  6 rats (D:2)
  A fungus (D:2)
42 creatures vanquished.

Notes
Turn   | Place    | Note
--------------------------------------------------------------
     0 | D:1      | Mysteryquy the Human Berserker began the quest for the Orb.
     0 | D:1      | Reached XP level 1. HP: 18/18 MP: 1/1
   100 | D:1      | Reached XP level 2. HP: 10/24 MP: 2/2
   763 | D:1      | Reached skill level 4 in Fighting
   763 | D:1      | Reached XP level 3. HP: 8/30 MP: 3/3
  1003 | D:2      | Reached ** piety under Trog
  1089 | D:2      | Found a faded altar to an unknown god.
  1135 | D:1      | Reached XP level 4. HP: 32/37 MP: 4/4
  1200 | D:2      | Found a shimmering altar of Xom.
  1214 | D:2      | Found an iron altar of Okawaru.
  1324 | D:2      | Reached XP level 5. HP: 32/42 MP: 5/5
  1505 | D:2      | Found a burning altar of Makhleb.
  1776 | D:2      | Noticed Crazy Yiuf
  1782 | D:2      | Killed Crazy Yiuf
  1834 | D:3      | HP: 2/42 [acid (5)]
  1837 | D:3      | Splashed by a jelly's acid

Action                   |  1- 3 |  4- 6 || total
-------------------------+-------+-------++-------
Melee: Falchion          |    96 |    81 ||   177
Invok: Berserk           |       |     1 ||     1
  Use: Potion            |       |     2 ||     2
  Eat: Chunk             |     1 |     2 ||     3
